[Event "Titled Tuesday Blitz August 22 Late 2023"]
[White "Skvortsov, Andrei"]
[Black "Chemin, Justo Reinaldo"]
[WhiteFideId "24108600"]
[BlackFideId "2101580"]
[WhiteElo "2661"]
[BlackElo "2281"]
[Result "1-0"]
[Round "2"]
[TimeControl "180+1"]
[Date "2023.08.22"]
[WhiteClock "0:01:43"]
[BlackClock "0:00:00"]
[Board "96"]

1. e4 e6 2. d4 d5 3. exd5 exd5 4. Nf3 Bd6 5. Nc3 c6 6. Bd3 Ne7 7. h3 O-O 8. Bg5 f6 9. Bd2 Bf5 10. Bxf5 Nxf5 11. Ne2 Nd7 12. c3 Re8 13. O-O Qc7 14. Nc1 Ne7 15. Nd3 Ng6 16. Re1 Re4 17. Be3 Rae8 18. Nd2 R4e7 19. Qg4 a5 20. Nf1 a4 21. Bd2 Qb6 22. Ne3 Ndf8 23. Nf5 Rxe1+ 24. Rxe1 Rxe1+ 25. Bxe1 Bb8 26. h4 Qc7 27. g3 b6 28. Bd2 1-0


[Site "https://www.chess.com"]

[Event "Titled Tuesday Blitz August 22 Late 2023"]
[White "Garcia-Castany Musellas, Gal.la"]
[Black "Piesik, Piotr"]
[WhiteFideId "2241803"]
[BlackFideId "1136194"]
[WhiteElo "2268"]
[BlackElo "2661"]
[Result "0-1"]
[Round "2"]
[TimeControl "180+1"]
[Date "2023.08.22"]
[WhiteClock "0:01:48"]
[BlackClock "0:02:20"]
[Board "97"]

1. Nf3 g6 2. e4 Bg7 3. d4 c6 4. h3 d6 5. Be2 Nd7 6. Nc3 Ngf6 7. a4 e5 8. Be3 O-O 9. O-O Re8 10. dxe5 dxe5 11. a5 Qe7 12. Nd2 Nc5 13. f3 Nh5 14. Qe1 Ne6 15. Bc4 Nd4 16. Rc1 Nf4 17. Nb3 Qg5 18. Kh2 Qxg2# 0-1


[Site "https://www.chess.com"]

[Event "Titled Tuesday Blitz August 22 Late 2023"]
[White "Kleiman, Jake"]
[Black "Akhayan, Ruben"]
[WhiteFideId "2020041"]
[BlackFideId "204439"]
[WhiteElo "2661"]
[BlackElo "2260"]
[Result "1-0"]
[Round "2"]
[TimeControl "180+1"]
[Date "2023.08.22"]
[WhiteClock "0:00:07"]
[BlackClock "0:00:00"]
[Board "98"]

1. e4 e5 2. Nf3 Nc6 3. Bc4 Nf6 4. d3 Bc5 5. O-O d6 6. c3 a6 7. Bb3 O-O 8. Nbd2 Ba7 9. h3 h6 10. Re1 Re8 11. Nf1 Be6 12. Bc2 d5 13. Qe2 dxe4 14. dxe4 Qe7 15. Ng3 Rad8 16. Nh4 Qf8 17. Qf3 Nd7 18. Nhf5 Kh7 19. Nh5 Bxf5 20. exf5 f6 21. Qg4 Ne7 22. Bd2 Nc5 23. Be3 Bb6 24. a4 Nd3 25. Bxd3 Rxd3 26. Qe4 Red8 27. Bxb6 cxb6 28. Qxb7 Nxf5 29. Qe4 g6 30. Ng3 Nxg3 31. fxg3 Qc5+ 32. Kh2 Qf2 33. g4 Kg7 34. Rf1 Qg3+ 35. Kh1 Qh4 36. Kh2 Qg3+ 37. Kh1 Qh4 38. Rf3 Rd2 39. Raf1 R8d6 40. Qb7+ Rd7 41. Qxb6 R2d6 42. Qc5 e4 43. Re3 Rd1 44. Rxd1 Rxd1+ 45. Kh2 Rd7 46. Rxe4 f5 47. Qe5+ Kh7 48. gxf5 Qf2 49. fxg6+ Kxg6 50. Qe6+ Qf6 51. Qxd7 Qg5 52. Rg4 Qxg4 53. Qxg4+ Kf6 54. Qc4 Kf5 55. Qxa6 Kf4 56. Qb5 1-0


[Site "https://www.chess.com"]

[Event "Titled Tuesday Blitz August 22 Late 2023"]
[White "TrashinalMaster"]
[Black "Pham, Le Thao Nguyen"]
[BlackFideId "12401226"]
[WhiteElo "2173"]
[BlackElo "2660"]
[Result "0-1"]
[Round "2"]
[TimeControl "180+1"]
[Date "2023.08.22"]
[WhiteClock "0:01:01"]
[BlackClock "0:00:25"]
[Board "99"]

1. e4 c5 2. Nf3 e6 3. d3 Nc6 4. Nbd2 d6 5. g3 g6 6. Bg2 Bg7 7. O-O Nge7 8. a4 O-O 9. Re1 Rb8 10. Nc4 b6 11. Bf4 e5 12. Bd2 h6 13. Qc1 Kh7 14. h4 Nd4 15. Nxd4 cxd4 16. Bb4 Be6 17. Bxd6 Rc8 18. Bxe5 Bxc4 19. Bxg7 Kxg7 20. dxc4 Rxc4 21. Qd2 Qc7 22. Rad1 Rd8 23. c3 Nc6 24. Bf1 dxc3 25. Qc2 Rxd1 26. Rxd1 Nb4 27. Qb3 c2 28. Rc1 Rd4 29. f3 Qc5 30. Kh1 Rd2 0-1


[Site "https://www.chess.com"]

[Event "Titled Tuesday Blitz August 22 Late 2023"]
[White "Godzwon, Iwo"]
[Black "Kula, Robert"]
[WhiteFideId "21802483"]
[BlackFideId "1101218"]
[WhiteElo "2660"]
[BlackElo "2138"]
[Result "0-1"]
[Round "2"]
[TimeControl "180+1"]
[Date "2023.08.22"]
[WhiteClock "0:01:05"]
[BlackClock "0:00:40"]
[Board "100"]

1. c4 c5 2. g3 Nc6 3. Bg2 d6 4. Nc3 e5 5. e3 g6 6. Nge2 Bg7 7. O-O Nge7 8. d3 O-O 9. a3 h5 10. Rb1 a5 11. Nd5 Nxd5 12. cxd5 Ne7 13. b4 axb4 14. axb4 b6 15. f4 exf4 16. gxf4 Nf5 17. e4 Nd4 18. Bb2 Bg4 19. Bxd4 Bxd4+ 20. Kh1 Ra2 21. Bf3 Bxf3+ 22. Rxf3 Qh4 23. h3 Rfa8 24. bxc5 bxc5 25. Qe1 Qxe1+ 26. Rxe1 Bf6 27. Ng3 Rd2 28. Re2 Rd1+ 29. Kg2 h4 30. Nf1 Bd4 31. Rd2 Re1 32. Nh2 Rg1# 0-1


[Site "https://www.chess.com"]

[Event "Titled Tuesday Blitz August 22 Late 2023"]
[White "cthake"]
[Black "Arias, Juan Cruz"]
[BlackFideId "118540"]
[WhiteElo "1844"]
[BlackElo "2657"]
[Result "0-1"]
[Round "2"]
[TimeControl "180+1"]
[Date "2023.08.22"]
[WhiteClock "0:00:24"]
[BlackClock "0:02:22"]
[Board "101"]

1. c4 e5 2. Nc3 Nc6 3. g3 g6 4. Bg2 Bg7 5. d3 d6 6. e4 f5 7. Nge2 Nh6 8. O-O O-O 9. h3 f4 10. gxf4 Qh4 11. fxe5 dxe5 12. Ng3 Bxh3 13. Bxh6 Bxh6 14. Nce2 Rad8 15. Kh2 Bg4+ 16. Kg1 Nd4 17. Re1 Rxf2 18. Kxf2 Rf8+ 19. Kg1 Be3# 0-1


[Site "https://www.chess.com"]

[Event "Titled Tuesday Blitz August 22 Late 2023"]
[White "Grischuk, Alexander"]
[Black "Hartikainen, Jarmo"]
[WhiteFideId "4126025"]
[BlackFideId "503134"]
[WhiteElo "3008"]
[BlackElo "2107"]
[Result "1-0"]
[Round "2"]
[TimeControl "180+1"]
[Date "2023.08.22"]
[WhiteClock "0:00:35"]
[BlackClock "0:00:02"]
[Board "102"]

1. e4 c5 2. Nc3 e6 3. Nf3 d5 4. exd5 exd5 5. Bb5+ Nc6 6. d4 Nf6 7. O-O Be7 8. dxc5 O-O 9. Be3 Bg4 10. h3 Bh5 11. Bxc6 bxc6 12. Bd4 Rb8 13. Qd3 Ne4 14. Ne5 Qc7 15. Nxe4 dxe4 16. Qxe4 Bf6 17. Rfe1 Rbd8 18. c3 Rfe8 19. Qf5 Bg6 20. Nxg6 hxg6 21. Rxe8+ Rxe8 22. Qd3 Rd8 23. Rd1 Qf4 24. b4 Be5 25. g3 Qg5 26. a4 Qf6 27. Kg2 Bxd4 28. cxd4 a6 29. Qxa6 Rxd4 30. Rxd4 Qxd4 31. Qxc6 Qxb4 32. h4 Qa5 33. Qb5 Qa8+ 34. c6 Kh7 35. Qb7 Qxa4 36. c7 1-0


[Site "https://www.chess.com"]

[Event "Titled Tuesday Blitz August 22 Late 2023"]
[White "Lima, Kleyton Alcantara"]
[Black "Hakobyan, Aram"]
[WhiteFideId "22718397"]
[BlackFideId "13306677"]
[WhiteElo "2518"]
[BlackElo "3008"]
[Result "1/2-1/2"]
[Round "2"]
[TimeControl "180+1"]
[Date "2023.08.22"]
[WhiteClock "0:00:23"]
[BlackClock "0:00:17"]
[Board "103"]

1. e4 c5 2. Nf3 e6 3. d4 cxd4 4. Nxd4 a6 5. g3 d6 6. Bg2 Nf6 7. O-O Be7 8. c4 O-O 9. Qe2 Qc7 10. b3 Nc6 11. Bb2 Bd7 12. Nxc6 Bxc6 13. Nc3 Rfd8 14. Rac1 Qb6 15. Na4 Bxa4 16. bxa4 Nd7 17. Rfd1 Bf6 18. Rb1 Bxb2 19. Rxb2 Qc7 20. e5 Nc5 21. Rbd2 dxe5 22. Rxd8+ Rxd8 23. Rxd8+ Qxd8 24. Qxe5 b6 25. a5 h6 26. axb6 Qxb6 27. h4 Nd3 28. Qe2 Qd4 29. Qc2 a5 30. Bf1 Nc5 31. Qb1 g6 32. Qc1 Kg7 33. Qe1 a4 34. Qc1 e5 35. Bg2 e4 36. a3 Nd3 37. Qe3 Qxe3 38. fxe3 f5 39. Bf1 Nc5 40. Kf2 Kf6 41. Ke1 g5 42. hxg5+ hxg5 43. Kd2 Ke5 44. Kc3 f4 45. gxf4+ gxf4 46. exf4+ Kxf4 47. Kb4 Nb3 48. c5 Ke5 49. c6 Kd6 50. Kxa4 Nd2 51. Be2 Kxc6 52. Kb4 Nf3 53. Kc3 Ne5 54. Kd4 Nd7 55. Kxe4 Kb6 56. Kd4 Ka5 57. Kc3 Nb6 58. Kb3 Nd5 59. a4 Nc7 60. Kc4 Ne6 61. Kd5 Nf4+ 62. Ke4 Nxe2 63. Ke3 Nc1 64. Ke4 Nb3 65. Kf4 Nc5 66. Kf5 Nxa4 1/2-1/2


[Site "https://www.chess.com"]

[Event "Titled Tuesday Blitz August 22 Late 2023"]
[White "Loay, Sameer"]
[Black "Svane, Rasmus"]
[WhiteFideId "8104239"]
[BlackFideId "4657101"]
[WhiteElo "2518"]
[BlackElo "2984"]
[Result "0-1"]
[Round "2"]
[TimeControl "180+1"]
[Date "2023.08.22"]
[WhiteClock "0:00:02"]
[BlackClock "0:00:42"]
[Board "104"]

1. Nf3 d5 2. g3 Nd7 3. d4 Nb6 4. Bg2 Bf5 5. O-O e6 6. Ne5 Nf6 7. Nd2 c6 8. c4 Be7 9. Qb3 Qc8 10. c5 Nbd7 11. Ndf3 O-O 12. Bf4 Nh5 13. Nxd7 Qxd7 14. Ne5 Qc8 15. Bd2 Nf6 16. f3 Rb8 17. Qa4 Nd7 18. Nxd7 Qxd7 19. Qxa7 Ra8 20. Qb6 Ra6 21. Qb3 e5 22. e3 Qc7 23. Bc3 Rb8 24. Qd1 h6 25. Kh1 exd4 26. Bxd4 Qd7 27. b4 Ra3 28. Bb2 Rd3 29. Qe2 Bg6 30. Rad1 Rxd1 31. Rxd1 Ra8 32. a3 Qe6 33. e4 dxe4 34. fxe4 Bf6 35. Bxf6 Qxf6 36. e5 Qf5 37. Rf1 Qe6 38. Qe3 Qa2 39. b5 Rxa3 40. Qd4 Rd3 41. Qa1 Qe2 42. Re1 Qf2 43. Rf1 Qxc5 44. bxc6 bxc6 45. Qa8+ Kh7 46. Qxc6 Qxe5 47. Qc1 Re3 48. Qd2 Re2 49. Qf4 Qb2 50. Rg1 Qc2 51. h4 Rxg2 52. Rxg2 Be4 53. Qxe4+ Qxe4 54. Kh2 f5 55. Rf2 g5 56. hxg5 hxg5 57. Kg1 Kg6 58. Kh2 Kh5 59. Kg1 Kg4 60. Kh2 Qe3 61. Rg2 Qf3 62. Kg1 Qxg3 63. Rxg3+ Kxg3 64. Kh1 Kf2 65. Kh2 f4 66. Kh3 f3 67. Kg4 Ke2 0-1


[Site "https://www.chess.com"]

[Event "Titled Tuesday Blitz August 22 Late 2023"]
[White "Grinev, Valeriy"]
[Black "Schmakel, Sam"]
[WhiteFideId "14117517"]
[BlackFideId "2039311"]
[WhiteElo "2510"]
[BlackElo "2760"]
[Result "0-1"]
[Round "2"]
[TimeControl "180+1"]
[Date "2023.08.22"]
[WhiteClock "0:01:46"]
[BlackClock "0:01:46"]
[Board "105"]

1. d4 Nf6 2. c4 e6 3. Nc3 Bb4 4. e3 O-O 5. Bd2 b6 6. Nf3 Bb7 7. Rc1 d6 8. a3 Bxc3 9. Bxc3 Nbd7 10. Be2 Ne4 11. O-O f5 12. Be1 g5 13. Nd2 Nxd2 14. Qxd2 Nf6 15. f3 Qe8 16. b4 g4 17. Bh4 gxf3 18. gxf3 Qh5 19. Qe1 Kh8 20. d5 exd5 21. Bxf6+ Rxf6 22. cxd5 Rg8+ 23. Qg3 Rxg3+ 24. hxg3 Qh3 25. Rf2 Rh6 26. Rg2 Qh1+ 27. Kf2 Qxc1 0-1


[Site "https://www.chess.com"]

[Event "Titled Tuesday Blitz August 22 Late 2023"]
[White "Suyarov, Mukhammadzokhid"]
[Black "Pinto, Daniel"]
[WhiteFideId "14210495"]
[BlackFideId "3303144"]
[WhiteElo "2728"]
[BlackElo "2447"]
[Result "1-0"]
[Round "2"]
[TimeControl "180+1"]
[Date "2023.08.22"]
[WhiteClock "0:01:24"]
[BlackClock "0:00:23"]
[Board "106"]

1. d4 Nf6 2. Nc3 c5 3. d5 d6 4. e4 g6 5. f4 Bg7 6. Bb5+ Nfd7 7. a4 O-O 8. Nf3 Na6 9. O-O Nc7 10. Bc4 Rb8 11. f5 a6 12. a5 b5 13. axb6 Nxb6 14. Bd3 c4 15. Be2 Nb5 16. Qe1 Nd7 17. Bxc4 Nxc3 18. bxc3 Qc7 19. Qe2 Bxc3 20. Ra3 Bb2 21. Bxb2 Rxb2 22. Kh1 Nb6 23. Bd3 Qc5 24. Raa1 Kg7 25. Ng5 h6 26. fxg6 hxg5 27. Rxf7+ Rxf7 28. Qh5 Rf8 29. Qh7+ Kf6 30. g7 Rd8 31. e5+ Kxe5 32. Qe4+ Kf6 33. Rf1+ Kxg7 34. Qh7# 1-0


[Site "https://www.chess.com"]

[Event "Titled Tuesday Blitz August 22 Late 2023"]
[White "Santos, Marcus Vinicius Moreira"]
[Black "Tanenbaum, Zachary"]
[WhiteFideId "2103125"]
[BlackFideId "2060850"]
[WhiteElo "2433"]
[BlackElo "2717"]
[Result "0-1"]
[Round "2"]
[TimeControl "180+1"]
[Date "2023.08.22"]
[WhiteClock "0:00:15"]
[BlackClock "0:00:14"]
[Board "107"]

1. e4 e5 2. Nf3 Nc6 3. Bc4 Nf6 4. d3 Be7 5. O-O O-O 6. Re1 d6 7. a3 Be6 8. Nbd2 Nd7 9. c3 Bg5 10. Nxg5 Qxg5 11. Nf3 Qg6 12. Bxe6 fxe6 13. d4 Rf7 14. Ng5 Rf6 15. d5 exd5 16. exd5 Nd8 17. Ne4 Rf5 18. c4 Nf7 19. Be3 Nh6 20. h3 Raf8 21. Rc1 Rf3 22. Ng3 R3f7 23. Bxh6 gxh6 24. Qc2 Rxf2 25. Qxf2 Rxf2 26. Kxf2 Nc5 27. Nf1 Nd3+ 28. Kg1 Nxe1 29. Rxe1 Qd3 30. Ne3 Qd2 31. Kf1 Qxb2 32. Nf5 Qxa3 33. Nxh6+ Kg7 34. Nf5+ Kf6 35. Ne3 Qd3+ 36. Kf2 a5 37. Rf1 Kg6 38. g4 a4 39. Kf3 a3 40. Ra1 Qb3 41. Ke4 Qb2 42. Rf1 Qd4+ 43. Kf3 a2 44. h4 Qf4+ 45. Ke2 Qxf1+ 46. Nxf1 a1=Q 47. h5+ Kg5 0-1


[Site "https://www.chess.com"]

[Event "Titled Tuesday Blitz August 22 Late 2023"]
[White "Colpe, Malte"]
[Black "Dourerassou, Jonathan"]
[WhiteFideId "24623075"]
[BlackFideId "628050"]
[WhiteElo "2429"]
[BlackElo "2672"]
[Result "0-1"]
[Round "2"]
[TimeControl "180+1"]
[Date "2023.08.22"]
[WhiteClock "0:00:08"]
[BlackClock "0:01:05"]
[Board "108"]

1. e4 c5 2. Nc3 d6 3. d4 cxd4 4. Qxd4 Nc6 5. Qd2 g6 6. b3 Bg7 7. Bb2 Nf6 8. O-O-O O-O 9. f3 Qa5 10. Kb1 Rd8 11. Nge2 Be6 12. Nf4 Rac8 13. Nxe6 fxe6 14. Bc4 d5 15. exd5 Ne5 16. Ne4 Nxc4 17. bxc4 Qxd2 18. Rxd2 Nxe4 19. fxe4 Rxc4 20. Bxg7 Kxg7 21. Re1 Rd6 22. Rd3 Rc5 23. Red1 Kf6 24. e5+ Kxe5 25. Re1+ Kf6 26. Rf3+ Kg5 27. dxe6 Rf5 28. Rh3 h5 29. Rb3 b5 30. Rc3 Kf6 31. Rc7 a5 32. Ra7 b4 33. Ra8 Re5 34. Rf8+ Kxe6 35. Rxe5+ Kxe5 36. Ra8 Rd5 37. Rf8 Kd4 38. Kb2 e5 39. Kc1 e4 40. Kd2 e3+ 41. Ke2 Kc3 42. Rc8+ Kb2 43. Kxe3 Kxa2 44. Ke4 Rg5 45. g3 a4 46. Rc4 Ka3 47. Kf3 Rf5+ 48. Kg2 b3 49. cxb3 axb3 0-1


[Site "https://www.chess.com"]

[Event "Titled Tuesday Blitz August 22 Late 2023"]
[White "Skatchkov, Valery"]
[Black "Antonios, Johnny"]
[WhiteFideId "24195812"]
[BlackFideId "5300843"]
[WhiteElo "2638"]
[BlackElo "2393"]
[Result "1-0"]
[Round "2"]
[TimeControl "180+1"]
[Date "2023.08.22"]
[WhiteClock "0:00:03"]
[BlackClock "0:00:04"]
[Board "109"]

1. d4 Nf6 2. c4 e6 3. Nf3 b6 4. g3 Ba6 5. b3 Bb7 6. Bg2 Bb4+ 7. Nbd2 Bc3 8. Rb1 Bxd4 9. O-O Bc5 10. Bb2 d5 11. Qc2 Nbd7 12. Rbd1 O-O 13. e3 Qe7 14. Nb1 Rac8 15. Nc3 a6 16. Nd4 Ba3 17. Ba1 Rfd8 18. cxd5 exd5 19. Nf5 Qf8 20. Nxd5 Bxd5 21. Bxd5 g6 22. Bc6 Qc5 23. Qxc5 Bxc5 24. Nh6+ Kf8 25. Bb7 Rb8 26. Bxa6 Ra8 27. Bb7 Rxa2 28. Bxf6 Nxf6 29. Rxd8+ Kg7 30. Nxf7 Kxf7 31. Rc8 Bd6 32. Bc6 Rb2 33. Bb5 Kg7 34. Bc4 Ne4 35. Bd5 Nd2 36. Re1 Nxb3 37. e4 Kh6 38. e5 Bc5 39. Re4 Rxf2 40. Kh1 Nd2 41. Rf4 Re2 42. e6 Bd6 43. Rh4+ Kg5 44. Rxh7 Re5 45. Bc6 Rc5 46. Bd7 Nf3 47. Kg2 Nd4 48. Rh4 Nf5 49. Re4 Ne7 50. Rf8 Rc2+ 51. Rf2 Rc3 52. h4+ Kh6 53. Rf3 Rc2+ 54. Kh3 b5 55. Rg4 Nf5 56. h5 Nxg3 57. Rxg6+ Kxh5 58. Be8 Ne4 59. Rf5+ 1-0


[Site "https://www.chess.com"]

[Event "Titled Tuesday Blitz August 22 Late 2023"]
[White "Fiorito, Joaquin"]
[Black "kaanadayhamle"]
[WhiteFideId "180173"]
[WhiteElo "2624"]
[BlackElo "2364"]
[Result "1-0"]
[Round "2"]
[TimeControl "180+1"]
[Date "2023.08.22"]
[WhiteClock "0:00:24"]
[BlackClock "0:00:04"]
[Board "110"]

1. d4 Nf6 2. c4 e6 3. Nc3 Bb4 4. e3 O-O 5. Bd2 d5 6. Nf3 b6 7. cxd5 exd5 8. Rc1 Bb7 9. Bd3 c5 10. Ne5 Nbd7 11. f4 Bxc3 12. Bxc3 Ne4 13. O-O f6 14. Nxd7 Qxd7 15. dxc5 Nxc5 16. Bb1 Rfe8 17. Bd4 Ne4 18. Qh5 Ba6 19. Rfd1 Rad8 20. a3 Bb5 21. Ba2 Bc6 22. b4 Ba4 23. Re1 Bc6 24. Bb2 Ba4 25. h3 Ng3 26. Qf3 Ne4 27. Qe2 Bb5 28. Qd1 Ba4 29. Qd4 Qf5 30. Rc7 Rd7 31. Rec1 Red8 32. g4 Qe6 33. f5 Qf7 34. Rxd7 Qxd7 35. Qxe4 Kh8 36. Qe6 Qb5 37. Rc8 1-0


[Site "https://www.chess.com"]

[Event "Titled Tuesday Blitz August 22 Late 2023"]
[White "Hansen, Torbjorn Ringdal"]
[Black "Lacasa Diaz, Jose Antonio"]
[WhiteFideId "1501720"]
[BlackFideId "2203375"]
[WhiteElo "2618"]
[BlackElo "2341"]
[Result "0-1"]
[Round "2"]
[TimeControl "180+1"]
[Date "2023.08.22"]
[WhiteClock "0:00:04"]
[BlackClock "0:00:19"]
[Board "111"]

1. e4 c5 2. Nf3 d6 3. Bb5+ Bd7 4. Bxd7+ Qxd7 5. O-O Nc6 6. c3 d5 7. exd5 Qxd5 8. d4 e6 9. Re1 Nf6 10. Qe2 cxd4 11. cxd4 Be7 12. Nc3 Qd8 13. Bg5 O-O 14. Rad1 Nd5 15. Bxe7 Ncxe7 16. Ne4 Nf4 17. Qd2 Ned5 18. g3 Ng6 19. h4 h6 20. h5 Nge7 21. Kg2 Rc8 22. Ne5 Nc6 23. Nf3 Qa5 24. Qxa5 Nxa5 25. Ne5 Nc4 26. Nxc4 Rxc4 27. Nd6 Rb4 28. b3 Rd8 29. Nc4 Nb6 30. Nxb6 Rxb6 31. Kf3 Rbd6 32. Ke4 Rd5 33. g4 f5+ 34. gxf5 Rxf5 35. Kd3 Kf7 36. Re2 Rxh5 37. Rde1 Rd6 38. Re4 Rf5 39. R1e2 g5 40. a4 h5 41. Kc4 g4 42. b4 a6 43. b5 axb5+ 44. axb5 Kf6 45. Ra2 Rb6 46. Ra8 Rfxb5 47. Rf8+ Kg7 48. Re8 Rb4+ 49. Kc3 Rb3+ 50. Kc4 Rf3 51. Re5 Rf5 52. Re1 Rxf2 53. d5 exd5+ 54. Kxd5 Rf5+ 55. Kc4 Rc6+ 56. Kb4 Rb6+ 57. Kc4 Rc6+ 58. Kb4 Rcf6 59. R1e7+ Rf7 60. Re2 Rf4+ 61. Kc5 h4 62. Kd6 h3 63. R2e5 R4f6+ 64. Kd5 Rf5 65. Rxf5 Rxf5+ 66. Ke6 Rf3 67. Re7+ Kg6 68. Re8 Re3+ 0-1


[Site "https://www.chess.com"]

[Event "Titled Tuesday Blitz August 22 Late 2023"]
[White "Dubreuil, Julien"]
[Black "Hamitevici, Vladimir"]
[WhiteFideId "621285"]
[BlackFideId "13902393"]
[WhiteElo "2343"]
[BlackElo "2608"]
[Result "0-1"]
[Round "2"]
[TimeControl "180+1"]
[Date "2023.08.22"]
[WhiteClock "0:00:30"]
[BlackClock "0:00:05"]
[Board "112"]

1. e4 Nc6 2. Nc3 d6 3. d4 Nf6 4. h3 g6 5. Nf3 Bg7 6. d5 Nb8 7. Bf4 c6 8. Bd3 Nbd7 9. O-O Nc5 10. Re1 Nxd3 11. Qxd3 O-O 12. Qd2 Re8 13. Rad1 Qb6 14. Qc1 Nh5 15. Be3 Qa5 16. Bd4 Nf6 17. dxc6 bxc6 18. e5 dxe5 19. Rxe5 Qa6 20. Rde1 Be6 21. Ng5 Nd7 22. R5e4 Bf5 23. Bxg7 Bxe4 24. Bh6 Bd5 25. Qf4 f6 26. Ne6 Bxe6 27. Rxe6 Nf8 28. Re3 c5 29. Nd5 Kf7 30. Nc7 Qxa2 31. Nxa8 Rxa8 32. Qc7 Ne6 33. Qc6 Rd8 34. Kh2 Qd5 35. Qa6 Qd6+ 36. g3 Qxa6 0-1


[Site "https://www.chess.com"]

[Event "Titled Tuesday Blitz August 22 Late 2023"]
[White "Ibadov, Dashgyn"]
[Black "Acikel, Mert"]
[WhiteFideId "24107514"]
[BlackFideId "12956465"]
[WhiteElo "2590"]
[BlackElo "2323"]
[Result "1-0"]
[Round "2"]
[TimeControl "180+1"]
[Date "2023.08.22"]
[WhiteClock "0:00:09"]
[BlackClock "0:00:00"]
[Board "113"]

1. e4 c6 2. d4 d5 3. exd5 cxd5 4. Bd3 Nc6 5. c3 Qc7 6. h3 g6 7. Nf3 Bf5 8. Be2 Nf6 9. O-O Bg7 10. Be3 O-O 11. Nbd2 Rfe8 12. Re1 a6 13. Qc1 b5 14. Nb3 Ne4 15. Bf4 e5 16. dxe5 Nxe5 17. Nbd4 Bc8 18. Nxe5 Bxe5 19. Bxe5 Qxe5 20. f3 Nf6 21. Bf1 Qxe1 22. Qxe1 Rxe1 23. Rxe1 Bd7 24. Kf2 Kf8 25. g4 h6 26. Bd3 Ne8 27. Re5 Nc7 28. f4 Re8 29. Rxe8+ Kxe8 30. Kf3 Ke7 31. h4 Ne6 32. Nxe6 Bxe6 33. g5 hxg5 34. hxg5 d4 35. cxd4 Bxa2 36. b4 Kd6 37. Be4 Kc7 38. Ke3 Kb6 39. d5 a5 40. bxa5+ Kxa5 41. Kd4 Kb6 42. Ke5 b4 43. Kf6 Kc5 44. Kxf7 Bxd5+ 45. Bxd5 Kxd5 46. f5 b3 47. fxg6 b2 48. g7 b1=Q 49. g8=Q Qf5+ 50. Ke7+ Ke5 51. Qg7+ Kf4 52. Qf6 1-0


[Site "https://www.chess.com"]

[Event "Titled Tuesday Blitz August 22 Late 2023"]
[White "Hercegovac, Neven"]
[Black "Tologon tegin, Semetei"]
[WhiteFideId "2839135"]
[BlackFideId "13800574"]
[WhiteElo "2298"]
[BlackElo "2590"]
[Result "0-1"]
[Round "2"]
[TimeControl "180+1"]
[Date "2023.08.22"]
[WhiteClock "0:00:15"]
[BlackClock "0:00:53"]
[Board "114"]

1. d4 d5 2. Bf4 c5 3. e3 Nc6 4. Nf3 cxd4 5. exd4 Bg4 6. c3 Nf6 7. Nbd2 e6 8. Qb3 Qb6 9. Qxb6 axb6 10. Bc7 Nd7 11. h3 Bf5 12. Bb5 Be7 13. Ne5 Ndxe5 14. dxe5 Bc5 15. b4 Kd7 16. bxc5 Kxc7 17. cxb6+ Kxb6 18. Bxc6 bxc6 19. O-O Ra3 20. c4 Rha8 21. cxd5 exd5 22. Nf3 Rxa2 23. Rac1 c5 24. Rfd1 d4 25. g4 Bc2 26. Re1 d3 27. e6 fxe6 28. Rxe6+ Kb5 29. Re7 R8a7 30. Re8 Kb4 31. Rd8 c4 32. Ne1 Kc3 33. Nxc2 dxc2 34. Rcd1 0-1


[Site "https://www.chess.com"]

[Event "Titled Tuesday Blitz August 22 Late 2023"]
[White "Shapiro, Daniel"]
[Black "Leebit02"]
[WhiteFideId "2001780"]
[WhiteElo "2298"]
[BlackElo "2567"]
[Result "0-1"]
[Round "2"]
[TimeControl "180+1"]
[Date "2023.08.22"]
[WhiteClock "0:02:11"]
[BlackClock "0:02:13"]
[Board "115"]

1. d4 Nf6 2. c4 e6 3. g3 d5 4. Nf3 dxc4 5. Bg2 Nc6 6. Qa4 Bb4+ 7. Bd2 Nd5 8. Bxb4 Nxb4 9. a3 b5 10. Qxb5 Nc2+ 11. Kd2 Bd7 12. Kxc2 Nxd4+ 13. Nxd4 Bxb5 14. Nxb5 Rb8 15. N5c3 O-O 16. Nd2 Rxb2+ 17. Kxb2 Qxd2+ 18. Kb1 Qxc3 19. Ra2 Rb8+ 0-1


[Site "https://www.chess.com"]

[Event "Titled Tuesday Blitz August 22 Late 2023"]
[White "Ganiev, Roman"]
[Black "GAO"]
[WhiteFideId "4131452"]
[WhiteElo "2557"]
[BlackElo "2270"]
[Result "1-0"]
[Round "2"]
[TimeControl "180+1"]
[Date "2023.08.22"]
[WhiteClock "0:00:09"]
[BlackClock "0:00:03"]
[Board "116"]

1. e4 c5 2. Nf3 Nc6 3. Bb5 e5 4. O-O Bd6 5. c3 Nge7 6. Re1 a6 7. Ba4 b5 8. Bc2 Bc7 9. a4 Bb7 10. d4 cxd4 11. cxd4 exd4 12. e5 Nb4 13. Bb3 O-O 14. Nxd4 Nec6 15. axb5 axb5 16. Rxa8 Qxa8 17. Nxb5 Bxe5 18. N1c3 Na5 19. Rxe5 Nxb3 20. Qxb3 Nd3 21. Re3 Nxc1 22. Qc2 Na2 23. Nxa2 Qxa2 24. Qd2 Bc6 25. Nc3 Qa1+ 26. Re1 Qa8 27. f3 Re8 28. Rxe8+ Qxe8 29. Kf2 Qe5 30. Qe3 Qxe3+ 31. Kxe3 Kf8 32. Kd4 Ke7 33. Kc5 Ke6 34. b4 Ba8 35. b5 d6+ 36. Kb6 d5 37. Kc5 Ke5 38. Ne2 g5 39. Nd4 f5 40. b6 g4 41. fxg4 fxg4 42. g3 h5 43. Nb5 Ke4 44. Nc3+ Ke5 45. Nb5 Ke4 46. Nd4 Ke5 47. Nc6+ Bxc6 48. Kxc6 d4 49. b7 d3 50. b8=Q+ Ke4 51. Qf4# 1-0


[Site "https://www.chess.com"]

[Event "Titled Tuesday Blitz August 22 Late 2023"]
[White "ManuMunoz01"]
[Black "Taboas Rodriguez, Daniel"]
[BlackFideId "2208466"]
[WhiteElo "2251"]
[BlackElo "2542"]
[Result "0-1"]
[Round "2"]
[TimeControl "180+1"]
[Date "2023.08.22"]
[WhiteClock "0:00:03"]
[BlackClock "0:01:42"]
[Board "117"]

1. e4 e5 2. Nf3 Nc6 3. Bb5 Nf6 4. O-O Nxe4 5. d4 Nd6 6. Bxc6 dxc6 7. dxe5 Nf5 8. Qxd8+ Kxd8 9. Bg5+ Ke8 10. Nc3 Be6 11. b3 h6 12. Bd2 Rd8 13. Rad1 Bb4 14. Ne4 Bxd2 15. Rxd2 Rxd2 16. Nexd2 g5 17. Rd1 g4 18. Ne1 Ke7 19. Ne4 Bd5 20. Nc3 Rd8 21. Nxd5+ Rxd5 22. Rxd5 cxd5 23. c3 Ke6 24. Nd3 b6 25. Kf1 c5 26. c4 dxc4 27. bxc4 Nd4 28. Ke1 Kf5 29. Kd2 Ke4 30. h3 h5 31. hxg4 hxg4 32. a4 Nc6 33. Kc3 Nxe5 34. f3+ gxf3 35. gxf3+ Nxf3 36. a5 Ne5 37. Nf2+ Ke3 38. axb6 axb6 39. Nh3 f5 40. Ng5 f4 41. Ne6 f3 0-1


[Site "https://www.chess.com"]

[Event "Titled Tuesday Blitz August 22 Late 2023"]
[White "Janaszak, Dawid"]
[Black "Wieczorek, Zbigniew"]
[WhiteFideId "1119206"]
[BlackFideId "1102001"]
[WhiteElo "2522"]
[BlackElo "2166"]
[Result "0-1"]
[Round "2"]
[TimeControl "180+1"]
[Date "2023.08.22"]
[WhiteClock "0:00:31"]
[BlackClock "0:00:02"]
[Board "118"]

1. e4 g6 2. Nc3 Bg7 3. Bc4 c6 4. d4 d5 5. exd5 b5 6. Bb3 b4 7. Na4 cxd5 8. Nf3 Nf6 9. O-O Bg4 10. h3 Bxf3 11. Qxf3 Nc6 12. c3 O-O 13. Re1 e6 14. Bf4 Ne4 15. Rac1 bxc3 16. bxc3 Rc8 17. Qd3 Qh4 18. Be3 f5 19. f3 f4 20. fxe4 fxe3 21. exd5 Rf2 22. Qxe3 Rcf8 23. dxc6 Bh6 24. Qxe6+ Kh8 25. Qe5+ Bg7 26. Qh2 Bh6 27. Rcd1 Bf4 28. Qh1 Qg3 29. Nc5 Rf1+ 30. Rxf1 Be3+ 0-1


[Site "https://www.chess.com"]